 Dungeon Crawl Stone Soup version 0.25-a0-927-g39f137c8b7 (webtiles) character file.

Game seed: 12599324770680852524, levelgen mode: deterministic

32 Maedhros the Sneak (level 3, -4/23 HPs)
             Began as an Octopode Artificer on May 3, 2020.
             Was an Initiate of Cheibriados.
             Slain by a gnoll
             ... wielding a +0 spear
              (7 damage)
             ... on level 2 of the Dungeon.
             The game lasted 00:01:39 (626 turns).

Maedhros the Sneak (Octopode Artificer)              Turns: 626, Time: 00:01:40

Health: -4/23      AC:  1    Str: 12    XL:     3   Next: 27%
Magic:  5/5        EV: 13    Int: 14    God:    Cheibriados [......]
Gold:   52         SH:  0    Dex: 14    Spells: 2/2 levels left

rFire    . . .     SeeInvis .   a - +0 short sword
rCold    . . .     Gourm    .   (no shield)
rNeg     . . .     Faith    .   (helmet restricted)
rPois    .         Spirit   .   (no amulet)
rElec    .         Reflect  .   (no ring)
rCorr    .         Harm     .   (no ring)
MR       .....                  (no ring)
Stlth    ++++......             (no ring)
HPRegen  0.07/turn              (no ring)
MPRegen  0.09/turn              (no ring)
                                (no ring)
                                (no ring)

@: very slow
A: almost no armour, stealthy swim, amphibious, 8 rings, constrict 8, camouflage
1, gelatinous body 1
a: Bend Time, Renounce Religion


You were on level 2 of the Dungeon.
You worshipped Cheibriados.
Cheibriados was noncommittal.
You were not hungry.

You visited 1 branch of the dungeon, and saw 2 of its levels.

You collected 52 gold pieces.

Inventory:

Hand Weapons
 a - a +0 short sword (weapon)
Missiles
 m - 13 poisoned darts (quivered)
Wands
 b - a wand of flame (15)
 c - a wand of enslavement (11)
 d - a wand of random effects (15)
Scrolls
 e - a scroll of fog {unknown}
 h - a scroll of remove curse {unknown}
 i - a scroll of fear {unknown}
 j - a scroll of amnesia {unknown}
Potions
 g - 2 potions of heal wounds {unknown}
 k - 2 potions of brilliance {unknown}
 l - a potion of mutation {unknown}
Comestibles
 f - 5 rations


   Skills:
 - Level 1.0 Fighting
 - Level 1.0 Short Blades
 - Level 2.0 Dodging
 - Level 4.0 Stealth
 + Level 1.2 Unarmed Combat
 - Level 3.2 Evocations


You had 2 spell levels left.
You didn't know any spells.
Your spell library was empty.

Dungeon Overview and Level Annotations

Branches:
Dungeon (2/15)

Altars:
Cheibriados


Innate Abilities, Weirdness & Mutations

You cannot wear most types of armour.
You are very stealthy in the water. (Stealth+)
You are amphibious.
You can wear up to eight rings at the same time.
You can use your tentacles to constrict eight enemies at once.
Your skin changes colour to match your surroundings (Stealth+).
Your rubbery body absorbs attacks. (AC +1, EV +1)


Message History

Aiming: Enslavement
Press: ? - help, Shift-Dir - straight line, f/p - gnoll
Aim: a gnoll, wielding a +0 spear and wearing an uncursed amulet of guardian spirit (chance to defeat MR: 64%)
The gnoll struggles to resist.
The gnoll hits you from afar with a +0 spear!
Evoke which item? (* to show all) (? for menu, Esc to quit)
Aiming: Enslavement
Press: ? - help, Shift-Dir - straight line, f/p - gnoll
Aim: a gnoll, wielding a +0 spear and wearing an uncursed amulet of guardian spirit (chance to defeat MR: 64%)
The gnoll struggles to resist.
The gnoll hits you from afar with a +0 spear!
* * * LOW HITPOINT WARNING * * *
Okay, then.
Evoke which item? (* to show all) (? for menu, Esc to quit)
Aiming: Enslavement
Press: ? - help, Shift-Dir - straight line, f/p - gnoll
Aim: a gnoll, wielding a +0 spear and wearing an uncursed amulet of guardian spirit (chance to defeat MR: 64%)
The gnoll struggles to resist.
The gnoll hits you from afar with a +0 spear!
You die...

#.# #.#
#?# #.#
#.# #<#
#.# #.#
#@#
#.†gggg..
#######.#


You could see 3 gnolls and a goblin.

Vanquished Creatures
  An adder (D:2)
  A dart slug (D:1)
  A leopard gecko (D:1)
  2 bats (D:1)
  2 giant cockroaches (D:1)
  3 goblins
  2 hobgoblins (D:1)
  2 kobolds (D:1)
  A quokka (D:2)
  4 rats
19 creatures vanquished.

Notes
Turn   | Place    | Note
-------+----------+-------------------------------------------
     0 | D:1      | Maedhros the Octopode Artificer began the quest for the
                  | Orb.
     0 | D:1      | Reached XP level 1. HP: 13/13 MP: 3/3
    91 | D:1      | Reached skill level 2 in Stealth
   124 | D:1      | Reached XP level 2. HP: 13/18 MP: 4/4
   180 | D:1      | Reached skill level 3 in Stealth
   328 | D:2      | Found a snail-covered altar of Cheibriados.
   336 | D:2      | Reached skill level 4 in Stealth
   336 | D:2      | Reached XP level 3. HP: 14/23 MP: 5/5
   338 | D:2      | Became a worshipper of Cheibriados the Contemplative
   414 | D:1      | Reached skill level 1 in Unarmed Combat
   626 | D:2      | Slain by a gnoll

Levels and vault maps discovered:
D:1:      dpeg_arrival_pits, layout_loops_corners
D:2:      layout_loops_ring, cheibriados_altar_1, makhleb_blood_cavern_becter,
          first_ration, minmay_pentomino_z4

Skill      XL: |  1  2  3 |
---------------+----------+-----
Stealth        | 2 4 |  4.0
Unarmed Combat | 1 |  1.2
Fighting       | |  1.0
Short Blades   | |  1.0
Dodging        | |  2.0
Evocations     | |  3.2

Action                   || total
-------------------------++-------
Melee: Short sword       ||    33
       Constrict         ||     8
       Tentacles         ||     4
Evoke: Wand              ||     4
 Stab: Sleeping          ||     9
Armor: Skin              ||     2
Dodge: Dodged            ||    21

Table legend:
 A = Non-vault XP
 B = Vault XP
 C = Vault XP percentage of total XP
 D = Non-vault monster count
 E = Vault monster count
 F = Vault count percentage of total count
                 A         B        C        D         E       F
            +---------+---------+-------+---------+---------+-------
      Total |      47 |       0 |   0.0 |      19 |       0 |   0.0
            +---------+---------+-------+---------+---------+-------
        D:1 |      29 |       0 |   0.0 |      15 |       0 |   0.0
        D:2 |      18 |       0 |   0.0 |       4 |       0 |   0.0
            +---------+---------+-------+---------+---------+-------
